 Dungeon Crawl Stone Soup version 0.26.0-90-g5fd8617961 (webtiles) character file.

Game seed: 1473231504697562608

15463 hatsuma the Grappler (level 12, 0/123 HPs)
             Began as a Troll Monk on Feb 2, 2021.
             Was a High Priest of Wu Jian.
             Slain by a nine-headed hydra (4 damage)
             ... on level 1 of the Lair of Beasts.
             The game lasted 01:09:20 (11613 turns).

hatsuma the Grappler (Troll Monk)                  Turns: 11613, Time: 01:09:23

Health: 0/123      AC: 11    Str: 22    XL:     12   Next: 1%
Magic:  20/20      EV: 30    Int:  6    God:    Wu Jian [*****.]
Gold:   707        SH:  0    Dex: 16    Spells: 8/11 levels left

rFire    . . .     SeeInvis .     - Unarmed
rCold    . . .     Faith    .   (no shield)
rNeg     . . .     Spirit   .   K - +0 steam dragon scales
rPois    .         Reflect  .   J - +0 hat
rElec    .         Harm     .   B - +1 cloak
rCorr    .         Rampage  .   (gloves unavailable)
Will     .....                  (boots unavailable)
Stlth    ++........             F - amulet of the acrobat
HPRegen  0.70/turn              y - ring of magical power
MPRegen  0.17/turn              (no ring)

@: acrobat
A: large, unfitting armour, claws 3, regeneration 1, shaggy fur 1, tough skin 3
a: Renounce Religion, Wall Jump, Serpent's Lash, Heavenly Storm


You were on level 1 of the Lair of Beasts.
You worshipped Wu Jian.
Wu Jian was extremely pleased with you.
You visited 3 branches of the dungeon, and saw 13 of its levels.

You collected 707 gold pieces.

Inventory:

Hand Weapons
 q - a +0 giant spiked club
Missiles
 a - 6 boomerangs (quivered)
 h - 32 poisoned darts
Armour
 B - a +1 cloak (worn)
 J - a +0 hat (worn)
 K - +0 steam dragon scales (worn)
Jewellery
 y - a ring of magical power (left claw)
 F - an amulet of the acrobat (around neck)
Wands
 t - a wand of digging (5)
 x - a wand of flame (18)
 z - a wand of polymorph (14)
Scrolls
 b - 2 scrolls of fog
 d - 12 scrolls of teleportation
 e - 8 scrolls of remove curse
 k - a scroll of fear {unknown}
 l - 2 scrolls of magic mapping
 m - 2 scrolls of amnesia
 n - 5 scrolls of blinking
 o - a scroll of enchant armour {unknown}
 p - a scroll of noise {unknown}
 s - a scroll of acquirement {unknown}
 C - a scroll of brand weapon {unknown}
 H - a scroll of torment {unknown}
 I - a scroll of silence {unknown}
Potions
 c - a potion of ambrosia {unknown}
 f - 6 potions of curing
 g - 2 potions of magic
 i - a potion of attraction {unknown}
 j - 5 potions of flight
 r - 2 potions of heal wounds
 u - 4 potions of might
 v - a potion of brilliance {unknown}
 w - a potion of haste {unknown}
 A - a potion of lignification {unknown}
 D - 3 potions of invisibility
 E - 2 potions of berserk rage
Miscellaneous
 G - a lightning rod (4/4)


   Skills:
 - Level 9.0 Fighting
 - Level 5.1 Throwing
 + Level 8.4 Dodging
 - Level 1.2 Stealth
 - Level 10.0 Unarmed Combat
 - Level 3.0 Transmutations
 - Level 5.4 Evocations


You had 8 spell levels left.
You knew the following spells:

 Your Spells              Type           Power        Failure   Level
a - Beastly Appendage     Tmut           6%           14%         1
b - Wereblood             Tmut           3%           22%         2

Your spell library contained the following spells:

 Spells                   Type           Power        Failure   Level
 Foxfire                  Conj/Fire      0%           45%         1
 Spider Form              Tmut/Pois      0%           63%         3
 Conjure Flame            Conj/Fire      0%           83%         3
 Inner Flame              Hex/Fire       0%           83%         3
 Ice Form                 Ice/Tmut       1%           95%         4
 Sticky Flame             Conj/Fire      0%           99%         4
 Blade Hands              Tmut           1%           99%         5
 Fireball                 Conj/Fire      0%           100%        5


Dungeon Overview and Level Annotations

Branches:
Dungeon (11/15)            Temple (1/1) D:5            Lair (1/6) D:8
    Orc (0/2) D:9

Altars:
Ashenzari
Cheibriados
Dithmenos
Elyvilon
Fedhas
Kikubaaqudgha
Okawaru
Qazlal
Ru
Sif Muna
Trog
Uskayaw
Vehumet
Wu Jian
Xom
Yredelemnul
Zin
The Shining One

Annotations:
D:3 1 runed translucent door
D:11 3 runed translucent doors, jimbutter's ghost, journeyman MiBe
Lair:1 1 runed translucent door, acdeimund's ghost, journeyman HaHu


Innate Abilities, Weirdness & Mutations

You are too large for most types of armour.
You have claws for hands.
Your natural rate of healing is unusually fast.
You are covered in fur. (AC +1)
You have extremely tough skin. (AC +3)


Message History

The nine-headed hydra closely misses you.
The nine-headed hydra bites you. The nine-headed hydra misses you.
The nine-headed hydra bites you. x2; The nine-headed hydra bites you!
* * * LOW HITPOINT WARNING * * *
The nine-headed hydra bites you but does no damage.
The nine-headed hydra bites you!
* * * LOW HITPOINT WARNING * * *
The nine-headed hydra bites you!
* * * LOW HITPOINT WARNING * * *
Found 13 poisoned darts.
Your horns disappear.
Your talons disappear.
Your +0 hat unmelds from your body.
The nine-headed hydra completely misses you. x3
The nine-headed hydra bites you but does no damage.
The nine-headed hydra completely misses you. x2
The nine-headed hydra bites you!
* * * LOW HITPOINT WARNING * * *
The nine-headed hydra completely misses you.
The nine-headed hydra bites you.
You die...

..#...##.........#.... ....
......##....#....#............(..
.##...#..##.##....#.##.###.......
......#..##.##...................
.................................
.................................
.................................
.....รท...........................
#.#.............@D...............
..#...##'#######...P#####$##.....
..#..###.###.###...## ####....#
.....##.......##...########.....#
..#..##........#.[..##[..##.....#
..#..##.......##...###...###....#
..#..#.........#...##P...###....#
.....##.......##....##.#..##....+
..#..####P.#[###...##..#.###....#


You could see a nine-headed hydra.

Vanquished Creatures
  Gastronok (Lair:1)
  Harold (D:8)
  A hydra (D:8)
  Erica (D:11)
  2 two-headed ogres (D:8)
  Nergalle (Lair:1)
  An unseen horror (D:11)
  2 cane toads (Lair:1)
  4 komodo dragons (Lair:1)
  Maggie (Lair:1)
  2 trolls
  A hornet (D:9)
  A wraith (D:11)
  A basilisk (Lair:1)
  Grum (D:11)
  A steam dragon (D:8)
  2 water moccasins
  2 ice beasts (D:9)
  3 orc warriors
  A phantom (D:5)
  3 sky beasts
  3 ogres
  7 black bears
  4 wolves (D:11)
  7 centaurs
  Blork the orc (D:5)
  7 big kobolds
  10 bullfrogs
  A gnoll sergeant (D:8)
  A wyvern zombie (D:8)
  5 scorpions
  3 wights (D:11)
  8 howler monkeys
  A bullfrog zombie (D:11)
  A centaur zombie (D:8)
  A quasit (D:9)
  4 hounds
  A centaur skeleton (D:8)
  2 jellies
  6 orc priests
  3 bullfrog skeletons
  7 worker ants
  An iguana (D:9)
  16 orc wizards
  Terence (D:2)
  A hound skeleton (D:10)
  10 gnolls
  13 adders
  4 white imps
  2 ufetubi (D:9)
  4 oozes
  An adder skeleton (D:9)
  A dart slug (D:2)
  6 leopard geckos
  56 orcs
  2 bats
  6 giant cockroaches
  9 goblins
  14 hobgoblins
  4 jackals (D:4)
  54 kobolds
  4 quokkas
  2 ball pythons
  4 frilled lizards
  A leopard gecko skeleton (D:4)
  10 rats
342 creatures vanquished.

Vanquished Creatures (others)
  32 fungi
  36 plants
68 creatures vanquished.

Grand Total: 410 creatures vanquished

Notes
Turn   | Place    | Note
-------+----------+-------------------------------------------
     0 | D:1      | hatsuma the Troll Monk began the quest for the Orb.
     0 | D:1      | Reached XP level 1. HP: 22/22 MP: 0/0
    24 | D:1      | Reached XP level 2. HP: 29/29 MP: 1/1
   221 | D:1      | Reached skill level 4 in Unarmed Combat
   498 | D:1      | Reached XP level 3. HP: 36/36 MP: 2/2
   837 | D:2      | Reached XP level 4. HP: 42/45 MP: 3/3
  1470 | D:2      | Noticed Terence
  1476 | D:2      | Killed Terence
  1689 | D:3      | Reached XP level 5. HP: 53/53 MP: 4/4
  1695 | D:3      | Found a bloodstained altar of Trog.
  1767 | D:3      | Reached skill level 5 in Unarmed Combat
  1847 | D:3      | Found a white marble altar of Elyvilon.
  1929 | D:3      | Found a runed translucent door.
  1929 | D:3      | Noticed an angel
  2148 | D:3      | Reached XP level 6. HP: 61/61 MP: 5/5
  2348 | D:3      | Found a shadowy altar of Dithmenos.
  2348 | D:3      | Found a glowing golden altar of the Shining One.
  2660 | D:3      | Reached XP level 7. HP: 67/70 MP: 6/6
  2817 | D:3      | Reached skill level 6 in Unarmed Combat
  3217 | D:4      | Reached skill level 7 in Unarmed Combat
  3491 | D:4      | Reached XP level 8. HP: 51/79 MP: 7/7
  3580 | D:4      | Reached skill level 5 in Fighting
  3976 | D:5      | Entered Level 5 of the Dungeon
  4163 | D:5      | Found a snail-covered altar of Cheibriados.
  4184 | D:5      | Reached skill level 5 in Dodging
  4366 | D:5      | Found a staircase to the Ecumenical Temple.
  4383 | Temple   | Entered the Ecumenical Temple
  4462 | Temple   | Became a worshipper of the Wu Jian Council
  4462 | Temple   | Reached * piety under Wu Jian
  4462 | Temple   | Reached ** piety under Wu Jian
  4525 | D:5      | Noticed Blork the orc
  4542 | D:5      | Killed Blork the orc
  4543 | D:5      | Reached skill level 8 in Unarmed Combat
  4980 | D:6      | Found a blossoming altar of Fedhas.
  5302 | D:6      | Found a shimmering blue altar of Sif Muna.
  5520 | D:7      | Reached XP level 9. HP: 81/89 MP: 8/8
  5816 | D:7      | Reached *** piety under Wu Jian
  5888 | D:7      | Found a stormy altar of Qazlal.
  5903 | D:7      | Reached skill level 1 in Evocations
  6571 | D:8      | Noticed a two-headed ogre
  6588 | D:8      | Killed a two-headed ogre
  6589 | D:8      | Reached skill level 9 in Unarmed Combat
  6761 | D:8      | Noticed Harold
  7059 | D:8      | Found a staircase to the Lair.
  7073 | D:8      | Reached XP level 10. HP: 86/102 MP: 9/9
  7133 | D:8      | Noticed a two-headed ogre
  7140 | D:8      | Killed a two-headed ogre
  7377 | D:8      | Reached **** piety under Wu Jian
  7377 | D:8      | Noticed a five-headed hydra
  7616 | D:8      | Killed Harold
  8100 | D:8      | Killed a five-headed hydra
  8101 | D:8      | Reached skill level 5 in Evocations
  8332 | D:9      | Reached skill level 10 in Unarmed Combat
  8356 | D:9      | Found a staircase to the Orcish Mines.
  8396 | D:9      | Paralysed by a hornet for 1 turns
  8405 | D:9      | Reached XP level 11. HP: 62/109 MP: 10/10
  8697 | D:9      | Found a shimmering altar of Xom.
  8878 | D:10     | Entered Level 10 of the Dungeon
  8885 | D:10     | Reached skill level 1 in Throwing
  9054 | D:10     | Reached ***** piety under Wu Jian
  9138 | D:10     | Learned a level 1 spell: Beastly Appendage
  9141 | D:10     | Learned a level 2 spell: Wereblood
  9304 | D:11     | Reached skill level 1 in Transmutations
  9713 | D:11     | Noticed jimbutter's ghost (journeyman MiBe)
  9780 | D:11     | Found a runed translucent gate.
  9780 | D:11     | Found a runed translucent gate.
  9783 | D:11     | Noticed Grum
  9791 | D:11     | Killed Grum
  9924 | D:11     | Found a runed translucent gate.
  9971 | D:11     | Noticed Erica
  9978 | D:11     | Killed Erica
  9998 | D:11     | Killed an unseen horror
 10558 | Lair:1   | Entered Level 1 of the Lair of Beasts
 10785 | Lair:1   | Noticed Gastronok
 10818 | Lair:1   | Killed Gastronok
 10971 | Lair:1   | Noticed Nergalle
 10990 | Lair:1   | Killed Nergalle
 11087 | Lair:1   | Noticed a five-headed hydra
 11162 | Lair:1   | Reached skill level 5 in Throwing
 11430 | Lair:1   | Noticed Maggie
 11437 | Lair:1   | Killed Maggie
 11438 | Lair:1   | Reached XP level 12. HP: 123/123 MP: 11/11
 11512 | Lair:1   | Found a runed translucent door.
 11512 | Lair:1   | Found a shimmering altar of Xom.
 11512 | Lair:1   | Noticed acdeimund's ghost (journeyman HaHu)
 11589 | Lair:1   | Noticed a four-headed hydra
 11599 | Lair:1   | HP: 4/123 [nine-headed hydra (14)]
 11613 | Lair:1   | HP: 4/123 [nine-headed hydra (9)]
 11613 | Lair:1   | Slain by a nine-headed hydra

Illustrated notes

Levels and vault maps discovered:
D:1:      enne_arrival_octagon_isle, layout_loops_ring
D:2:      layout_basic, grunt_decor_arrowhead, uniq_terence
D:3:      minmay_goblin_kobold_castle, layout_rooms, overflow_temple_1_default,
          gammafunk_temple_overflow_pools, minivault_25, lemuel_angel_altar
D:4:      layout_basic
D:5:      layout_loops_ring, cheibriados_altar_1, minmay_temple_entry_ruins,
          kennysheep_generic_room_4, uniq_blork_the_orc
D:6:      kennysheep_orc_sif_temple, layout_cave_pools, serial_bayou,
          serial_bayou_pond_d, serial_bayou_pond_d, serial_bayou_crossing,
          serial_bayou_pond_e, serial_bayou_pond_d, fedhas_altar_1
D:7:      layout_basic, grunt_qazlal_sundering
D:8:      layout_basic, due_lair_maze_entry_diamond, kb_rosetta, uniq_harold
D:9:      layout_cave_pools, lemuel_round_altar, david_orc_2, grunt_ministairs_9
D:10:     layout_rooms
D:11:     layout_basic, gammafunk_ghost_icy, uniq_erica, uniq_grum
Temple:   eino_temple_scatter_basement
Lair:1:   layout_regular_city, ebering_ghost_xom, uniq_maggie, uniq_gastronok,
          uniq_nergalle

Skill      XL: |  1  2  3  4  5  6  7  8  9 10 11 |
---------------+----------------------------------+-----
Unarmed Combat | 4 5 7 8 9 10 | 10.0
Fighting       | 3 4 6 7 9 |  9.0
Dodging        | 3 4 5 6 8 |  8.4
Evocations     | 2 5 |  5.4
Throwing       | 5 |  5.1
Transmutations | 3 |  3.0
Stealth        | |  1.2

Action                   |  1- 3 |  4- 6 |  7- 9 | 10-12 || total
-------------------------+-------+-------+-------+-------++-------
Melee: Unarmed           |    75 |   176 |   385 |   388 ||  1024
       Punch             |     2 |     1 |     7 |    17 ||    27
       Giant spiked club |       |       |       |     5 ||     5
       Kick              |       |       |       |    21 ||    21
       Headbutt          |       |       |       |    11 ||    11
Throw: Stone             |     2 |     4 |       |       ||     6
       Dart              |       |       |     6 |     2 ||     8
       Boomerang         |       |       |     4 |    16 ||    20
       Throwing net      |       |       |       |     2 ||     2
 Cast: Beastly Appendage |       |       |       |     6 ||     6
       Wereblood         |       |       |       |     1 ||     1
Invok: Whirlwind         |       |       |    36 |    73 ||   109
       Lunge             |       |       |    20 |    42 ||    62
 Abil: Wall Jump         |       |       |     7 |     8 ||    15
  Use: Scroll            |     3 |       |     9 |     2 ||    14
       Potion            |       |       |     1 |       ||     1
 Stab: Sleeping          |     1 |     3 |     5 |     3 ||    12
Armor: Robe              |    25 |    42 |    92 |   105 ||   264
       Steam dragon scal |       |       |       |     6 ||     6
Dodge: Dodged            |    35 |    98 |   189 |   242 ||   564
